 Dungeon Crawl Stone Soup version 0.31-a0-472-g43a2ca8e1b (console) character file.

Game seed: 4989415773753669225

87649 Lexodia the Summoner (level 15, -5/89 HPs)
             Began as a Tengu Summoner on Aug 6, 2023.
             Was a High Priest of Nemelex Xobeh.
             Killed by the raging water
             ... invoked by a water nymph
              (27 damage)
             ... on level 2 of the Shoals.
             The game lasted 02:05:49 (22488 turns).

Lexodia the Summoner (Tengu Summoner)              Turns: 22488, Time: 02:05:49

Health: -5/89      AC: 28    Str: 15    XL:     15   Next: 91%
Magic:  20/29      EV: 16    Int: 34    God:    Nemelex Xobeh [*****.]
Gold:   129        SH: 11    Dex: 16    Spells: 6/32 levels left

rFire   . . .        A - +8 war axe {protect, +Blink rC+ Will+}
rCold   . . .        v - +4 buckler of Atwu {Contam rPois Slay+5}
rNeg    . . .        c - +5 ring mail "Tukuz" {rC- Int+3 SInv}
rPois   +            V - +2 hat
rElec   .            I - +2 cloak
rCorr   +            T - +2 pair of gloves "Cyeteywk" {Will+}
SInv    +            (boots unavailable)
Will    +++..        O - amulet of magic regeneration
Stlth   +++          p - ring "Sarched" {rCorr Str+4 Int+6 Slay+4 Stlth+}
HPRegen 0.34/turn    J - +6 ring of intelligence
MPRegen 0.61/turn

%: no passive effects
@: under a protective aura, flying quickly and evasively, quick
A: beak, talons 3, nimble flight
a: Renounce Religion, Evoke Blink, Draw Escape, Draw Destruction, Draw
Summoning, Triple Draw, Deal Four, Stack Five


You were on level 2 of the Shoals.
You worshipped Nemelex Xobeh.
Nemelex Xobeh was extremely pleased with you.
You visited 4 branches of the dungeon, and saw 21 of its levels.

You collected 2398 gold pieces.
You spent 2269 gold pieces at shops.

Inventory:

Hand Weapons
 d - a +0 sling
 o - the +1 mace "Torovunn" {flame, rCorr SInv}
   (You found it on level 2 of the Dungeon)

   SInv:      It lets you see invisible.
   rCorr:     It protects you from acid and corrosion.
 w - a +3 hand axe of electrocution
 A - the +8 war axe "Apaoty" (weapon) {protect, +Blink rC+ Will+}
   (You found it on level 5 of the Dungeon)

   rC:        It protects you from cold.
   +Blink:    It lets you blink.
   Will:      It increases your willpower.
 E - the +3 dagger of Regicide {freeze, Fragile rPois rF+ rC+}
   (You found it on level 9 of the Dungeon)

   rF:        It protects you from fire.
   rC:        It protects you from cold.
   rPois:     It protects you from poison.
   Fragile:   It will be destroyed if unequipped.
 Y - the +3 dagger of False Accusations {venom, Will+ rCorr Int+2}
   (You found it on level 4 of the Lair of Beasts)

   Int:       It affects your intelligence (+2).
   rCorr:     It protects you from acid and corrosion.
   Will:      It increases your willpower.
Armour
 c - the +5 ring mail "Tukuz" (worn) {rC- Int+3 SInv}
   (You found it on level 6 of the Dungeon)

   Int:       It affects your intelligence (+3).
   rC:        It makes you vulnerable to cold.
   SInv:      It lets you see invisible.
 v - the +4 buckler of Atwu (worn) {Contam rPois Slay+5}
   (You found it on level 4 of the Dungeon)

   Slay:      It affects your accuracy & damage with ranged weapons and melee
   (+5).
   rPois:     It protects you from poison.
   Contam:    It causes magical contamination when unequipped.
 I - a +2 cloak (worn)
 T - the +2 pair of gloves "Cyeteywk" (worn) {Will+}
   (You found it on level 1 of the Lair of Beasts)

   Will:      It increases your willpower.
 V - a +2 hat (worn)
Magical Staves
 e - a staff of earth
 s - a staff of air
Jewellery
 a - the ring of Yraupt {rC- rCorr Int+5}
   (You found it on level 8 of the Dungeon)

   [ring of resist corrosion]

   Int:       It affects your intelligence (+5).
   rC:        It makes you vulnerable to cold.
   rCorr:     It protects you from acid and corrosion.
 p - the ring "Sarched" (left hand) {rCorr Str+4 Int+6 Slay+4 Stlth+}
   (You bought it in a shop on level 2 of the Orcish Mines)

   [ring of slaying]

   Str:       It affects your strength (+4).
   Int:       It affects your intelligence (+6).
   Slay:      It affects your accuracy & damage with ranged weapons and melee
   (+4).
   rCorr:     It protects you from acid and corrosion.
   Stlth:     It makes you more stealthy.
 r - an amulet of the acrobat
 z - a ring of fire
 J - a +6 ring of intelligence (right hand)
 N - a ring of fire
 O - an amulet of magic regeneration (around neck)
 W - a +6 ring of strength
Wands
 C - a wand of paralysis (22)
 H - a wand of roots (18)
 Q - a wand of flame (12)
 U - a wand of polymorph (7)
 X - a wand of light (2)
Scrolls
 f - a scroll of poison
 g - a scroll of butterflies
 i - 6 scrolls of teleportation
 k - 2 scrolls of silence
 n - 2 scrolls of torment
 q - 2 scrolls of immolation
 u - 6 scrolls of amnesia
 y - 3 scrolls of noise {unknown}
 B - 3 scrolls of fog
 G - a scroll of blinking
 L - 2 scrolls of enchant weapon
 M - 2 scrolls of revelation
Potions
 b - a potion of magic
 h - 2 potions of attraction
 j - 2 potions of berserk rage
 l - 3 potions of invisibility
 m - 4 potions of lignification
 t - 4 potions of brilliance
 x - 4 potions of might
 D - a potion of haste
 K - 5 potions of curing
 P - 10 potions of ambrosia
 R - a potion of heal wounds
 S - a potion of enlightenment


   Skills:
 + Level 8.7 Fighting
 + Level 12.7 Axes
 - Level 1.1(8.2) Polearms
 - Level 5.0 Ranged Weapons
 + Level 10.6 Armour
 + Level 6.3 Dodging
 - Level 3.0 Stealth
 + Level 9.5 Shields
 - Level 9.0 Spellcasting
 + Level 14.7 Summonings
 - Level 6.0 Air Magic
 + Level 9.4 Invocations
 + Level 1.6 Evocations


You had 6 spell levels left.
You knew the following spells:

 Your Spells              Type           Power      Damage    Failure   Level
a - Summon Small Mammal   Summ           100%       N/A       0%          1
b - Call Imp              Summ           100%       N/A       1%          2
c - Call Canine Familiar  Summ           86%        N/A       1%          3
d - Summon Guardian Gole  Hex/Summ       60%        N/A       1%          3
e - Summon Lightning Spi  Summ/Air       72%        N/A       1%          4
f - Swiftness             Air            54%        N/A       1%          3
g - Animate Armour        Summ/Erth      100%       N/A       3%          4
h - Summon Cactus Giant   Summ           43%        N/A       2%          6

Your spell library contained the following spells:

 Spells                   Type           Power      Damage    Failure   Level
 Blink                    Tloc           30%        N/A       9%          2
 Ensorcelled Hibernation  Hex/Ice        30%        N/A       9%          2
 Lesser Beckoning         Tloc           30%        N/A       9%          2
 Momentum Strike          Conj/Tloc      30%        3d8       9%          2
 Passwall                 Tmut/Erth      12%        N/A       9%          2
 Scorch                   Fire           30%        2d6       9%          2
 Flame Wave               Conj/Fire      15%        2d7       52%         4
 Leda's Liquefaction      Hex/Erth       7%         N/A       52%         4
 Lee's Rapid Deconstruct  Erth           7%         3d7*      86%         5
 Leda's Unmaking          Conj/Erth      7%         9d2       100%        6
 Summon Horrible Things   Summ           43%        N/A       67%         8
 Malign Gateway           Summ/Tloc      30%        N/A       94%         7


Dungeon Overview and Level Annotations

Branches:
Dungeon (12/15)            Temple (0/1) D:7            Lair (5/5) D:10
 Shoals (2/4) Lair:3       Spider (0/4) Lair:2        Slime (0/5) Lair:4
    Orc (2/2) D:9             Elf (0/3) Orc:2

Altars:
Dithmenos
Elyvilon
Fedhas
Kikubaaqudgha
Makhleb
Nemelex Xobeh
Okawaru
Uskayaw
Wu Jian
Xom
Yredelemnul
Jiyva

Shops:
D:3 [   D:6 :   Orc:1 *   Orc:2 =(([*   Shoals:2 **

Portals:
Abyss: D:11

Annotations:
D:11 2 transporters, Zigma's ghost, journeyman DrSh
D:12 Jorgrun
Shoals:2 Ilsuiw


Innate Abilities, Weirdness & Mutations

You have a beak for a mouth.
You have claws for feet.
Your magical nature lets you fly swiftly and evasively.


Message History

Damage: -5%(-4hp) hp: 44%(39hp)
You catch the helpless merfolk completely off-guard!
You hit the merfolk. You claw the merfolk!
The merfolk is almost dead.
The merfolk impaler hits you but does no damage.
Space warps around you. The merfolk hits you with a +0 trident!
You block the merfolk impaler's attack.
Huge Dmg: -13%(-12hp) hp: 31%(27hp)
Your animated ring mail completely misses the merfolk.
Your animated ring mail hits the merfolk but does no damage.
The merfolk impaler is struck by your cactus giant's spines.
The merfolk impaler hits your cactus giant with a +2 trident of distortion.
Space warps around your cactus giant.
The water nymph points at you and mumbles some strange words.
The water rises up and strikes you.
The merfolk hits you from afar with a +0 trident!
* * * LOW HITPOINT WARNING * * *
Huge Dmg: -7%(-6hp) hp: 24%(21hp)
Casting: Animate Armour (dangerous; 3% risk of failure)
Confirm with . or Enter, or press ? or * to list all spells.
An electric hum fills the air.
The merfolk impaler is struck by your cactus giant's spines.
The merfolk impaler hits your cactus giant with a +2 trident of distortion!
Your cactus giant blinks!
Your animated ring mail closely misses the merfolk.
Your animated ring mail hits the merfolk.
The water nymph casts a spell at you. The water rises up and strikes you.
You block the merfolk's attack.
Okay, then.
Your animated ring mail hits the merfolk!
The merfolk dies!
You hear a splash. x2
The merfolk impaler hits your animated ring mail with a +2 trident of distortion.
Your animated ring mail blinks!
Your lightning spire shoots out a bolt of lightning at the merfolk impaler!
The bolt of electricity hits the merfolk impaler!!
The water nymph gestures at you while chanting.
The water rises up and strikes you!!
You die...
Your body glows with a rainbow of weird colours and disappears.

###########################
≈≈≈≈≈≈≈≈≈≈≈≈≈≈≈≈≈≈≈≈≈≈≈≈≈≈≈
≈≈≈≈≈≈≈≈≈≈≈≈≈≈≈≈≈≈≈≈≈≈≈≈≈≈≈
≈≈≈≈≈≈≈≈≈≈≈≈≈≈≈≈≈≈≈≈≈≈≈≈≈≈≈
≈≈≈≈≈≈≈≈≈≈≈≈≈≈≈≈≈≈≈≈C≈≈≈≈≈≈
≈≈≈≈≈≈≈≈≈≈≈≈≈≈≈≈≈≈≈≈≈≈≈≈≈≈≈
≈≈≈≈≈≈≈≈≈≈≈≈≈≈≈~8P~~~~~m≈≈≈
≈≈≈≈≈≈≈≈≈≈≈≈≈~~~~~m~)~P~≈≈≈
≈≈≈≈≈≈≈≈≈≈≈~~~~~@~~§§~~~~≈≈
≈≈≈≈≈≈≈≈≈≈≈~~~~~~P~~≈~~~~~~
≈≈≈≈≈≈≈≈≈≈≈~~~~~~~~~P~~~~~~
~~~~~~~~~P≈≈≈~~~~.~~~~~~~~~
~~~~~~~~~~≈≈≈~~~...~~~....~
~~~~~~~~P~≈≈~~P~...~~~.###.
..~~...~~~~~~~~~~~~~~~.# ,
~P~~~~P~~~~~~~# ~~~~


You could see a merfolk impaler (distracted, ally target), a water nymph, a
friendly cactus giant (summoned) and a friendly lightning spire (summoned).

Vanquished Creatures
  A caustic shrike (Shoals:2)
  A merfolk javelineer (Shoals:1)
  2 catoblepae
  A hydra (Lair:4)
  A merfolk avatar (Shoals:2)
  6 death yaks
  An orc high priest (Orc:2)
  A fire crab (Lair:5)
  3 sea snakes (Shoals:2)
  2 orc knights
  A lindwurm (Lair:4)
  A wolf spider (Lair:2)
  A mana viper (Shoals:2)
  3 orc sorcerers
  3 manticores
  5 elephants
  Maurice (D:8)
  3 merfolk sirens (Shoals:2)
  A water nymph (Shoals:1)
  6 black mambas
  2 molten gargoyles (Lair:5)
  8 cane toads
  A gargoyle (D:11)
  7 komodo dragons
  3 rime drakes
  3 merfolk
  5 trolls
  A polar bear (Lair:4)
  A wind drake (Shoals:1)
  4 blink frogs (Lair:5)
  2 snapping turtles
  3 slime creatures (D:8)
  A wraith (D:12)
  15 yaks
  5 wyverns
  2 basilisks
  A chaos spawn (D:8)
  A steam dragon (D:9)
  A redback (Shoals:2)
  Menkaure (D:6)
  2 wargs (Orc:1)
  A floating eye (Lair:5)
  2 hell hounds (Lair:5)
  A nameless horror (Lair:5)
  8 water moccasins
  7 orc warriors
  An ice beast (D:8)
  2 ogres (Orc:2)
  11 wolves
  2 phantoms (D:4)
  7 bullfrogs
  A kobold brigand (D:6)
  2 scorpions
  2 wights (D:9)
  24 killer bees
  A howler monkey (D:5)
  4 lava snakes (Lair:5)
  5 orc priests
  A centaur zombie (D:7)
  2 hounds (D:5)
  2 jellies
  3 iguanas
  7 orc wizards
  2 hell rats (Lair:3)
  5 adders
  A shadow imp (D:8)
  An ufetubus (D:5)
  A worm (D:3)
  A dart slug (D:1)
  37 orcs
  6 ball pythons
  7 endoplasms
  3 giant cockroaches
  4 goblins
  A hobgoblin (D:1)
  13 kobolds
  2 quokkas
  5 bats
  4 frilled lizards
  7 rats
309 creatures vanquished.

Vanquished Creatures (collateral kills)
  Polyphemus (Shoals:1)
  Kirke (Shoals:1)
  An orc warlord (Orc:2)
  An eleionoma (Shoals:2)
  The ghost of Tutankhamun the Grappler, a journeyman TrSh of the Shining One (Lair:4)
  A fire dragon (Lair:5)
  3 hydras
  An alligator snapping turtle (Shoals:1)
  A merfolk avatar (Shoals:1)
  2 two-headed ogres (D:11)
  11 death yaks
  A shock serpent (Shoals:2)
  Nergalle (D:11)
  4 skysharks
  3 sea snakes
  2 orc knights (Orc:2)
  An orc sorcerer (Orc:2)
  A wolf spider (Lair:2)
  A cyclops (D:10)
  3 oklob plants (Lair:5)
  A manticore (Shoals:1)
  9 elephants
  A merfolk siren (Shoals:2)
  A moth of wrath (Shoals:2)
  A molten gargoyle (Lair:5)
  A torpor snail (Lair:4)
  2 black mambas
  5 cane toads
  A gargoyle (D:11)
  A kobold demonologist (D:7)
  3 rime drakes
  6 komodo dragons
  2 merfolk (Shoals:2)
  2 trolls
  A hornet (D:10)
  A wind drake (Shoals:2)
  A polar bear (Lair:4)
  2 snapping turtles
  9 wyverns
  7 yaks
  A water elemental (Shoals:2)
  A hog (Shoals:1)
  4 basilisks (Lair:3)
  A chaos spawn (D:8)
  2 steam dragons
  A hell hound (Lair:5)
  4 water moccasins
  An ogre (D:6)
  13 orc warriors
  5 wolves
  A centaur (D:9)
  A phantom (D:6)
  6 bullfrogs
  A scorpion (D:7)
  A gnoll sergeant (D:9)
  2 wights (D:9)
  10 killer bees
  2 howler monkeys (D:6)
  A lava snake (Lair:5)
  A jelly (D:7)
  5 orc priests
  9 orc wizards
  4 hell rats (Lair:3)
  An iguana (D:4)
  A killer bee zombie (D:7)
  2 nameless horrors
  5 gnolls (D:9)
  An adder (D:3)
  A river rat (D:10)
  A dart slug (D:4)
  20 orcs
  A ball python (D:2)
  An endoplasm (D:2)
  A giant cockroach (D:2)
  4 kobolds
  7 quokkas
  A bat (D:1)
  2 rats
  2 butterflies (D:9)
226 creatures vanquished.

Vanquished Creatures (others)
  An entropy weaver (Shoals:2)
  3 death yaks
  A cyclops (D:11)
  A manticore (Shoals:2)
  A queen bee (D:10)
  Prince Ribbit (D:5)
  A slime creature (D:8)
  8 yaks
  2 basilisks (Lair:3)
  2 orc warriors
  A kobold brigand (D:10)
  5 killer bees
  A hell rat (D:10)
  A rat (D:10)
29 creatures vanquished.

Grand Total: 564 creatures vanquished

Notes
Turn   | Place    | Note
-------+----------+-------------------------------------------
     0 | D:1      | Lexodia the Tengu Summoner began the quest for the Orb.
     0 | D:1      | Reached XP level 1. HP: 10/10 MP: 4/4
    72 | D:1      | Huge Dmg: 4 dmg
    75 | D:1      | Reached skill level 5 in Summonings
   176 | D:1      | Reached XP level 2. HP: 15/15 MP: 6/6
   179 | D:1      | Huge Dmg: 5 dmg
   349 | D:1      | Reached skill level 1 in Polearms
   362 | D:1      | Huge Dmg: 4 dmg
   407 | D:1      | Reached XP level 3. HP: 19/19 MP: 7/7
   921 | D:2      | Reached skill level 1 in Ranged Weapons
   940 | D:2      | Learned a level 2 spell: Call Imp
   944 | D:2      | Learned a level 3 spell: Call Canine Familiar
   977 | D:2      | Reached XP level 4. HP: 21/24 MP: 8/8
  1335 | D:2      | Identified the +1 mace "Torovunn" {flame, rCorr SInv}
  1700 | D:3      | Found Qaudeikh's Armour Emporium.
  1722 | D:3      | Bought a +0 buckler for 49 gold pieces
  1852 | D:3      | Found a faded altar of an unknown god.
  1863 | D:3      | Prayed at the altar of an unknown god.
  1863 | D:3      | Became a worshipper of Nemelex Xobeh the Trickster
  1863 | D:3      | Reached * piety under Nemelex Xobeh
  2344 | D:4      | Received a gift from Nemelex Xobeh
  2372 | D:4      | Huge Dmg: 9 dmg
  2375 | D:4      | Gained mutation: Your magical nature lets you fly swiftly
                  | and evasively. [Tengu growth]
  2375 | D:4      | Reached XP level 5. HP: 16/28 MP: 3/9
  2430 | D:4      | Huge Dmg: 13 dmg
  2600 | D:4      | Noticed a phantom
  2610 | D:4      | Killed a phantom
  2611 | D:4      | Reached skill level 6 in Summonings
  2611 | D:4      | Reached XP level 6. HP: 32/32 MP: 3/10
  2678 | D:4      | Identified the +4 buckler of Atwu {Contam rPois Slay+5}
  2744 | D:4      | Reached skill level 5 in Ranged Weapons
  2989 | D:4      | Reached ** piety under Nemelex Xobeh
  3213 | D:5      | Entered Level 5 of the Dungeon
  3261 | D:5      | Identified the +8 war axe "Apaoty" {protect, +Blink rC+
                  | Will+}
  3390 | D:5      | Reached XP level 7. HP: 34/36 MP: 6/12
  3404 | D:5      | Noticed Prince Ribbit
  3410 | D:5      | Learned a level 3 spell: Summon Guardian Golem
  3423 | D:5      | Killed Prince Ribbit
  3424 | D:5      | Reached skill level 1 in Axes
  3821 | D:5      | Found a white marble altar of Elyvilon.
  3831 | D:5      | Reached skill level 1 in Air Magic
  4019 | D:5      | Received a gift from Nemelex Xobeh
  4404 | D:6      | Found Pionuskyni's Book Emporium.
  4488 | D:6      | Reached skill level 1 in Fighting
  4488 | D:6      | Reached skill level 7 in Summonings
  4531 | D:6      | Identified the +5 ring mail "Tukuz" {rC- Int+3 SInv}
  4543 | D:6      | Found a shadowy altar of Dithmenos.
  4566 | D:6      | Noticed Menkaure
  4572 | D:6      | Huge Dmg: 18 dmg
  4576 | D:6      | Huge Dmg: 9 dmg
  4579 | D:6      | Huge Dmg: 9 dmg
  4579 | D:6      | Killed Menkaure
  4580 | D:6      | Reached skill level 1 in Invocations
  4580 | D:6      | Reached XP level 8. HP: 5/43 MP: 11/13
  4775 | D:6      | Found an ancient bone altar of Kikubaaqudgha.
  4858 | D:6      | Reached skill level 1 in Armour
  4920 | D:6      | Reached skill level 1 in Shields
  4932 | D:6      | Reached *** piety under Nemelex Xobeh
  5297 | D:6      | Learned a level 4 spell: Summon Lightning Spire
  5319 | D:7      | Received a gift from Nemelex Xobeh
  5515 | D:7      | Reached XP level 9. HP: 43/48 MP: 9/16
  5570 | D:7      | Noticed a kobold demonologist
  5572 | D:7      | Noticed a hellwing
  5577 | D:7      | Noticed a red devil
  5577 | D:7      | Killed a kobold demonologist
  5716 | D:7      | Found a staircase to the Ecumenical Temple.
  5793 | D:7      | Found a basalt altar of Yredelemnul.
  6054 | D:8      | Noticed Maurice
  6079 | D:8      | Killed Maurice
  6080 | D:8      | Reached skill level 5 in Air Magic
  6158 | D:8      | Received a gift from Nemelex Xobeh
  6282 | D:8      | Reached skill level 5 in Axes
  6290 | D:8      | Identified the ring of Yraupt {rC- rCorr Int+5}
  6501 | D:8      | Reached **** piety under Nemelex Xobeh
  6580 | D:8      | Reached skill level 8 in Summonings
  6586 | D:8      | Reached skill level 5 in Spellcasting
  6729 | D:8      | Reached XP level 10. HP: 53/53 MP: 15/18
  6821 | D:8      | Found a shimmering altar of Xom.
  6824 | D:8      | Found the +7 mace of Variability {chaos, chaos arc}
  6998 | D:8      | Learned a level 3 spell: Swiftness
  7243 | D:9      | Huge Dmg: 12 dmg
  7244 | D:9      | Huge Dmg: 23 dmg
  7384 | D:9      | Received a gift from Nemelex Xobeh
  7422 | D:9      | Found an iron altar of Okawaru.
  7475 | D:9      | Found a burning altar of Makhleb.
  7514 | D:9      | Found a staircase to the Orcish Mines.
  7627 | D:9      | Identified the +3 dagger of Regicide {freeze, Fragile rPois
                  | rF+ rC+}
  7649 | D:9      | Received a gift from Nemelex Xobeh
  7649 | D:9      | Found a shimmering altar of Xom.
  7809 | D:9      | Found a hide-covered altar of Uskayaw.
  8244 | D:10     | Entered Level 10 of the Dungeon
  8341 | D:10     | Noticed a death yak
  8348 | D:10     | Noticed a death yak
  8353 | D:10     | Found a staircase to the Lair.
  8353 | D:10     | Noticed a death yak
  8368 | D:10     | Killed a death yak
  8369 | D:10     | Reached skill level 5 in Invocations
  8374 | D:10     | Killed a death yak
  8375 | D:10     | Reached XP level 11. HP: 41/57 MP: 2/21
  8376 | D:10     | Killed a death yak
  8393 | D:10     | Noticed a cyclops
  8400 | D:10     | Killed a cyclops
  8401 | D:10     | Reached skill level 5 in Armour
  8401 | D:10     | Huge Dmg: 15 dmg
  8623 | D:10     | Found an ornate altar of the Wu Jian Council.
  8652 | D:10     | Found a blossoming altar of Fedhas.
  8772 | D:10     | Received a gift from Nemelex Xobeh
  8952 | D:10     | Reached skill level 5 in Shields
  9122 | D:10     | Huge Dmg: 12 dmg
  9124 | D:10     | Reached skill level 9 in Summonings
  9326 | D:11     | Noticed a two-headed ogre
  9332 | D:11     | Killed a two-headed ogre
  9334 | D:11     | Noticed a manticore
  9349 | D:11     | Killed a manticore
  9365 | D:11     | Noticed a two-headed ogre
  9373 | D:11     | Killed a two-headed ogre
  9416 | D:11     | Noticed a cyclops
  9421 | D:11     | Huge Dmg: 12 dmg
  9423 | D:11     | Huge Dmg: 13 dmg
  9450 | D:11     | Killed a cyclops
  9530 | D:11     | Huge Dmg: 10 dmg
  9540 | D:11     | Reached XP level 12. HP: 36/62 MP: 23/23
  9626 | D:11     | Noticed Nergalle
  9650 | D:11     | Huge Dmg: 35 dmg
  9768 | D:12     | Noticed Jorgrun
  9816 | D:11     | Huge Dmg: 36 dmg
  9833 | D:11     | Killed Nergalle
  9866 | D:11     | Reached skill level 10 in Summonings
 10048 | D:11     | Reached ***** piety under Nemelex Xobeh
 10080 | D:11     | Found a transporter.
 10080 | D:11     | Found a transporter.
 10089 | D:11     | Found a one-way gate to the infinite horrors of the Abyss.
 10089 | D:11     | Noticed Zigma's ghost (journeyman DrSh)
 10158 | D:11     | Received a gift from Nemelex Xobeh
 10232 | D:11     | Identified the +4 leather armour of the Sea {Dex+7}
 10352 | Lair:1   | Entered Level 1 of the Lair of Beasts
 10626 | Lair:1   | Received a gift from Nemelex Xobeh
 10943 | Lair:1   | Identified the +2 pair of gloves "Cyeteywk" {Will+}
 11202 | Lair:2   | Found a hole to the Spider Nest.
 11276 | Lair:2   | Received a gift from Nemelex Xobeh
 11299 | Lair:2   | Noticed a death yak
 11299 | Lair:2   | Noticed a death yak
 11299 | Lair:2   | Noticed a death yak
 11300 | Lair:2   | Noticed a death yak
 11301 | Lair:2   | Killed a death yak
 11302 | Lair:2   | Killed a death yak
 11302 | Lair:2   | Noticed a death yak
 11303 | Lair:2   | Noticed a death yak
 11313 | Lair:2   | Killed a death yak
 11315 | Lair:2   | Killed a death yak
 11316 | Lair:2   | Killed a death yak
 11317 | Lair:2   | Reached skill level 11 in Summonings
 11323 | Lair:2   | Killed a death yak
 11491 | Lair:2   | Reached XP level 13. HP: 68/68 MP: 26/26
 11634 | Lair:2   | Learned a level 4 spell: Animate Armour
 12205 | D:6      | Bought a book of Scorching for 390 gold pieces
 12212 | D:6      | Learned a level 6 spell: Summon Cactus Giant
 12630 | Lair:3   | Reached skill level 12 in Summonings
 12691 | Lair:3   | Reached skill level 10 in Axes
 12730 | Lair:3   | Found a staircase to the Shoals.
 12753 | Lair:3   | Received a gift from Nemelex Xobeh
 13019 | Lair:3   | Reached skill level 5 in Fighting
 13084 | Lair:3   | Received a gift from Nemelex Xobeh
 13103 | Lair:3   | Reached ****** piety under Nemelex Xobeh
 13500 | Lair:4   | Huge Dmg: 13 dmg
 13502 | Lair:4   | Huge Dmg: 9 dmg
 13503 | Lair:4   | Huge Dmg: 20 dmg
 13504 | Lair:4   | Huge Dmg: 6 dmg
 13932 | Lair:4   | Received a gift from Nemelex Xobeh
 13997 | Lair:4   | Huge Dmg: 31 dmg
 14001 | Lair:4   | Huge Dmg: 17 dmg
 14208 | Lair:4   | Huge Dmg: 15 dmg
 14215 | Lair:4   | Huge Dmg: 8 dmg
 14216 | Lair:4   | Huge Dmg: 11 dmg
 14222 | Lair:4   | Reached XP level 14. HP: 24/79 MP: 10/27
 14232 | Lair:4   | Reached skill level 13 in Summonings
 14423 | Lair:4   | Found a runed translucent gate.
 14423 | Lair:4   | Found a runed translucent gate.
 14423 | Lair:4   | Found a runed translucent gate.
 14427 | Lair:4   | Noticed Tutankhamun's ghost (journeyman TrSh)
 14429 | Lair:4   | Found a staircase to the Slime Pits.
 14429 | Lair:4   | Found a viscous altar of Jiyva.
 14772 | Lair:4   | Found a runed translucent door.
 14984 | Lair:4   | Identified the +3 dagger of False Accusations {venom, Will+
                  | rCorr Int+2}
 15056 | Lair:4   | Killed Tutankhamun's ghost
 15097 | Lair:5   | Entered Level 5 of the Lair of Beasts
 15150 | Lair:5   | Received a gift from Nemelex Xobeh
 15488 | Lair:5   | Reached skill level 10 in Armour
 15494 | Lair:5   | Huge Dmg: 18 dmg
 15724 | Lair:5   | Huge Dmg: 22 dmg
 15741 | Lair:5   | Huge Dmg: 13 dmg
 15750 | Lair:5   | Huge Dmg: 17 dmg
 15994 | Lair:5   | Huge Dmg: 21 dmg
 15995 | Lair:5   | Huge Dmg: 16 dmg
 15996 | Lair:5   | Huge Dmg: 10 dmg
 16074 | Lair:5   | Huge Dmg: 11 dmg
 16287 | Lair:5   | Found a large runed translucent door.
 16290 | Lair:5   | Found a large runed translucent door.
 16305 | Lair:5   | Huge Dmg: 19 dmg
 16321 | Lair:5   | Huge Dmg: 11 dmg
 16337 | Lair:5   | Huge Dmg: 12 dmg
 16342 | Lair:5   | Huge Dmg: 14 dmg
 16349 | Lair:5   | Huge Dmg: 7 dmg
 16350 | Lair:5   | Huge Dmg: 8 dmg
 16746 | Lair:5   | Huge Dmg: 36 dmg
 16888 | Lair:5   | Received a gift from Nemelex Xobeh
 17054 | Lair:5   | Huge Dmg: 19 dmg
 17056 | Lair:5   | Huge Dmg: 21 dmg
 17263 | Lair:5   | Huge Dmg: 19 dmg
 17269 | Lair:5   | Huge Dmg: 42 dmg
 17488 | Lair:5   | Huge Dmg: 35 dmg
 17643 | Lair:5   | Reached skill level 14 in Summonings
 17828 | Orc:1    | Entered Level 1 of the Orcish Mines
 17851 | Orc:1    | Huge Dmg: 30 dmg
 17852 | Orc:1    | Huge Dmg: 11 dmg
 18233 | Orc:1    | Received a gift from Nemelex Xobeh
 18234 | Orc:1    | Found Qoqasa's General Store.
 18352 | Orc:2    | Entered Level 2 of the Orcish Mines
 18491 | Orc:2    | Huge Dmg: 17 dmg
 18494 | Orc:2    | Huge Dmg: 12 dmg
 18497 | Orc:2    | Huge Dmg: 18 dmg
 18502 | Orc:2    | Reached XP level 15. HP: 28/88 MP: 7/28
 18630 | Orc:2    | Noticed an orc warlord
 18642 | Orc:2    | Huge Dmg: 29 dmg
 18643 | Orc:2    | Huge Dmg: 12 dmg
 18932 | Orc:2    | Killed an orc warlord
 18943 | Orc:2    | Reached skill level 5 in Dodging
 19060 | Orc:2    | Found a staircase to the Elven Halls.
 19106 | Orc:2    | Huge Dmg: 19 dmg
 19235 | Orc:2    | Found Hooceid's Antique Armour Boutique.
 19251 | Orc:2    | Found Reumin's Jewellery Boutique.
 19467 | Orc:2    | Found Waguot's Antique Weapon Emporium.
 19505 | Orc:2    | Found Vovidis's Antique Weapon Boutique.
 19520 | Orc:2    | Found Bahiocvy's General Store.
 19654 | Orc:2    | Bought the ring "Sarched" {rCorr Str+4 Int+6 Slay+4 Stlth+}
                  | for 1760 gold pieces
 19770 | Shoals:1 | Entered Level 1 of the Shoals
 19841 | Shoals:1 | Huge Dmg: 25 dmg
 20028 | Shoals:1 | Noticed Louise
 20032 | Shoals:1 | Huge Dmg: 37 dmg
 20037 | Shoals:1 | Huge Dmg: 38 dmg
 20320 | Shoals:1 | Louise changed into Louise the four-headed hydra
 20320 | Shoals:1 | Noticed Louise
 20325 | Shoals:1 | Killed Louise the four-headed hydra
 20451 | Shoals:1 | Huge Dmg: 19 dmg
 20705 | Shoals:1 | Received a gift from Nemelex Xobeh
 20883 | Shoals:1 | Noticed Kirke
 20896 | Shoals:1 | Killed Kirke
 20928 | Shoals:1 | Identified the +1 chain mail of Xechuykeak {Str+9}
 20991 | Shoals:1 | Huge Dmg: 21 dmg
 20998 | Shoals:1 | Huge Dmg: 6 dmg
 21541 | Shoals:2 | Noticed Polyphemus
 21543 | Shoals:2 | Huge Dmg: 38 dmg
 21559 | Shoals:1 | Huge Dmg: 15 dmg
 21562 | Shoals:1 | Huge Dmg: 14 dmg
 21563 | Shoals:1 | Huge Dmg: 10 dmg
 21571 | Shoals:1 | Killed Polyphemus
 21833 | Shoals:2 | Found Fallin's General Store.
 21838 | Shoals:2 | Found Sicar's Specific Store.
 21849 | Shoals:2 | Bought a potion of heal wounds for 70 gold pieces
 22044 | Shoals:2 | Noticed Ilsuiw
 22054 | Shoals:2 | Ilsuiw changed into Ilsuiw the alligator snapping turtle
 22054 | Shoals:2 | Noticed Ilsuiw
 22058 | Shoals:2 | Reached skill level 1 in Evocations
 22064 | Shoals:2 | a merfolk siren changed into a caustic shrike
 22064 | Shoals:2 | Noticed a caustic shrike
 22065 | Shoals:2 | Huge Dmg: 21 dmg
 22066 | Shoals:2 | Huge Dmg: 7 dmg
 22070 | Shoals:2 | Killed a caustic shrike
 22272 | Shoals:2 | Huge Dmg: 27 dmg
 22475 | Shoals:2 | Received a gift from Nemelex Xobeh
 22483 | Shoals:2 | Huge Dmg: 27 dmg
 22485 | Shoals:2 | Huge Dmg: 12 dmg
 22486 | Shoals:2 | Huge Dmg: 6 dmg
 22488 | Shoals:2 | Killed from afar by a water nymph

Illustrated notes

Levels and vault maps discovered:
D:1:      dpeg_arrival_pits, layout_basic, nrook_mini_vaults,
          hangedman_decor_clover_reticule
D:2:      layout_loops_ring, minmay_pentomino_pile
D:3:      layout_loops_ring, serial_shops, nicolae_diamond_shop,
          shapermc_ecumenical_altar_mp_ritualfount
D:4:      layout_basic, minmay_hedge_maze, serial_bayou_ford_a
D:5:      layout_basic, mainiacjoe_overflow_paths, minmay_misc_feat_plants,
          serial_bayou_crossing, uniq_prince_ribbit1
D:6:      layout_cave_pools, marbit_many_paths,
          nicolae_dithmenos_through_a_glass_darkly, serial_shops,
          nicolae_book_shop_shelving, minmay_quadrilaterals, uniq_menkaure
D:7:      layout_cave_pools, lemuel_zombie_altar_yredelemnul,
          lemuel_temple_firewalk_b, serial_column_ruins,
          column_ruins_square_small, column_ruins_hut,
          column_ruins_corridor_corner, column_ruins_columns_T,
          column_ruins_columns_straight, column_ruins_open_tiny,
          column_ruins_columns_straight
D:8:      layout_basic, minmay_guarded_unrand_variability, uniq_maurice
D:9:      layout_stronghold, mainiacjoe_overflow_alcove_4, bloody_makhleb,
          xom_butterflies, mainiacjoe_overflow_alcove_2, orc_0_dummy
D:10:     layout_basic, fedhas_altar_1, mainiacjoe_overflow_catwalk,
          dpeg_lair_monsters, special_room [special_room_bee],
          kennysheep_big_empty_room
D:11:     layout_basic, gammafunk_ghost_abyssal_escape, minmay_diced_spiral,
          uniq_nergalle
D:12:     layout_long_grid, nicolae_trove_entry_free_sample,
          dancing_weapons_uskayaw, uniq_jorgrun
Lair:1:   layout_loops_ring, chequers_serial_rivers_small_a
Lair:2:   layout_misc_corridors, spider_nest_entry_web_field, st_stairs_4,
          nicolae_lair_run_with_the_wolves, grunt_megastairs_2
Lair:3:   layout_cave_pods, shoals_dummy_entry, special_room
          [special_room_mythical_zoo]
Lair:4:   layout_regular_city, slime_entry_1, ebering_ghost_rock_garden,
          pf_torpor_hydra, grunt_megastairs_1, infiniplex_staircase_pool,
          lemuel_fruit_tree
Lair:5:   cheibrodos_lair_end_hotspot, layout_cellular_growth, disabler_island
Shoals:1: layout_shoals, uniq_louise, uniq_kirke
Shoals:2: layout_shoals, nicolae_specific_store, nicolae_shoals_flooded_hall,
          uniq_ilsuiw, uniq_polyphemus
Orc:1:    layout_caves, serial_shops, shop
Orc:2:    grunt_orc_cross, layout_caves, basic_altar, serial_shops, shop

Skill      XL: |  1  2  3  4  5  6  7  8  9 10 11 12 13 14 15 |
---------------+----------------------------------------------+-----
Summonings     | 5 6 7 8 9 11 12 14 | 14.7
Polearms       | 1 |  1.1
Ranged Weapons | 2 3 4 5 |  5.0
Axes           | 2 3 7 9 10 12 | 12.7
Dodging        | 3 4 6 |  6.3
Stealth        | 3 |  3.0
Spellcasting   | 3 4 5 6 8 9 |  9.0
Air Magic      | 2 4 6 |  6.0
Fighting       | 1 2 5 7 8 |  8.7
Invocations    | 1 2 5 7 8 9 |  9.4
Armour         | 3 4 6 8 9 10 | 10.6
Shields        | 2 3 6 8 9 |  9.5
Evocations     | 1 |  1.6

Action                     |  1- 3 |  4- 6 |  7- 9 | 10-12 | 13-15 || total
---------------------------+-------+-------+-------+-------+-------++-------
  Melee: Hand axe          |     5 |       |       |       |       ||     5
         Kick              |     2 |    11 |     9 |    49 |   194 ||   265
         Peck              |     1 |     6 |     8 |    31 |   106 ||   152
         Spear             |       |    46 |       |       |       ||    46
         War axe           |       |       |    40 |   154 |   462 ||   656
   Fire: Sling             |    80 |    88 |   115 |       |       ||   283
   Cast: Summon Small Mamm |     6 |     7 |    11 |    10 |    13 ||    47
         Call Imp          |       |     7 |    12 |    24 |    14 ||    57
         Call Canine Famil |       |     6 |    16 |    43 |    31 ||    96
         Summon Guardian G |       |       |     4 |    30 |    21 ||    55
         Summon Lightning  |       |       |       |    17 |    38 ||    55
         Animate Armour    |       |       |       |       |    55 ||    55
         Summon Cactus Gia |       |       |       |       |    59 ||    59
         Swiftness         |       |       |       |       |     1 ||     1
 Invoke: Draw Destruction  |       |       |       |     4 |     7 ||    11
         Draw Escape       |       |       |       |     1 |     2 ||     3
         Deal Four         |       |       |       |       |     3 ||     3
         Triple Draw       |       |       |       |       |     1 ||     1
  Evoke: Wand              |       |       |       |       |     6 ||     6
    Use: Scroll            |       |       |    11 |     4 |    10 ||    25
         Potion            |       |       |       |     2 |     3 ||     5
   Stab: Sleeping          |       |     1 |       |       |     2 ||     3
         Distracted        |       |     1 |     1 |     3 |    14 ||    19
         Petrified         |       |       |       |       |    13 ||    13
         Petrifying        |       |       |       |       |     1 ||     1
 Armour: Robe              |     5 |    17 |     2 |       |       ||    24
         Ring mail         |       |       |    25 |    81 |   237 ||   343
  Dodge: Dodged            |    28 |    49 |    46 |   124 |   289 ||   536
  Block: Buckler           |       |     7 |    48 |   119 |   283 ||   457

Table legend: (Time is in decaauts)
 A = Elapsed time spent in this place.
 B = Non-inter-level travel time spent in this place.
 C = Inter-level travel time spent in this place.
 D = Time resting spent in this place.
 E = Time spent auto-exploring this place.
 F = Levels seen in this place.
 G = Mean time per level.
                   A        B        C        D        E       F      G
               +--------+--------+--------+--------+--------+-----+--------+
         Total |  21411 |  20131 |   1280 |   2318 |  13606 |  21 | 1019.6 |
       Dungeon |  10203 |   9418 |    785 |    279 |   7056 |  12 |  850.2 |
          Lair |   7047 |   6675 |    372 |   1234 |   4196 |   5 | 1409.4 |
        Shoals |   2422 |   2385 |     37 |    536 |   1327 |   2 | 1211.0 |
  Orcish Mines |   1738 |   1654 |     84 |    269 |   1025 |   2 |  869.0 |
               +--------+--------+--------+--------+--------+-----+--------+

Top non-repeatable levels by time:
  Lair:5: 2460 daAuts
Shoals:1: 1662 daAuts
  Lair:4: 1614 daAuts
  Lair:3: 1400 daAuts
     D:9: 1292 daAuts
   Orc:2: 1063 daAuts
     D:5: 1045 daAuts
     D:8: 989 daAuts
    D:10: 973 daAuts
     D:1: 936 daAuts
     D:6: 911 daAuts
    D:11: 906 daAuts
     D:4: 865 daAuts
  Lair:1: 812 daAuts
     D:2: 788 daAuts
